Description

g

Build Order

Get SALT Encoding   

  13  0:15  Overlord  
  14  0:18  Drone Scout  
  17  0:50  Hatchery  
  18  1:10  Extractor  
  17  1:17  Spawning Pool  
  20  1:52  Overlord  
  20  2:06  Queen x2  
  20  2:08  Zergling x4  
  27  2:16  Metabolic Boost  
  27  2:18  Action Pull Drones gas  
  32  2:50  Hatchery  
  31  3:00  Overlord  
  31  3:02  Queen @natural  
  35  3:20  Drone x6, Action Drones Gas  
  42  3:24  Overlord x2  
  42  3:30  Action Move 3º Queen  
  42  3:40  Extractor, Baneling Nest @n.saturation  
  51  3:57  Queen x2  
  51  4:12  Zergling Round of lings  
  60  4:25  Overlord x2  
  60  4:40  Action Relocate workers + C.Spread  
  75  5:15  Lair, Evolution Chamber x2  
  75  5:10  Hatchery x2 in main  
  77  5:50  Zerg Ground Armor Level 1, Zerg Melee Weapons Level 1  
  77  5:30  Zergling max ling bane, attack @100 1/1 and banespeed  
Spawning Tool Build Advisor. Get it on Overwolf

Analysis

g

Go to:

Details

  • Created by: Carlitr0sss
  • Published on: Apr 24, 2024
  • Modified on: Apr 26, 2024
  • Patch: 5.0.11
  • Difficulty: Medium
Show
View Real Time Build Order
Export as new Build Order

Comments (0)

There are no comments. Be the first!

Create an account to comment!